Orko, chaotic female orcish Rogue ------ |..|.----- ---- |........| --- --..-- ---.....-- --.-- -------- ---....| ----.-- |.!.| --.|.--..| |.......------|...| |...--- ---| |........---.............|.--- --....| --- |..|. |.............)....-----...| ----.---- .--o| |....- ---.--.............| --...| --- ---....|....K.| ----.....| --|..............--|...|[---- |..---...........--- ..........| --.--............--.--|.(..#---.[....[..)=...- -..-.....--- |...|-...............| ---..(.[)....)......^.---- .........| --.--|.......=......-- --[--------.---....=......---..|>--...| |...|--...............--- --- --- |................|.|.|.-- --+---........--..----...| ----.........------.|%|---- |...|-.......------- |...-- |.?..[.!.....| |...| |.--|.......-- --....| |............- ---.----- --.| -.--...-- --.....| |....../---.. |....|.| |..| . |...| |.....-- --....(| |......| |..| --..| --./--- ------- --..|.-- ---- --- ---- ------ Orko the Rogue Experience level: 9 Strength: 11 Dexterity: 18 Constitution: 17 Intelligence: 6 Wisdom: 3 Charisma: 9 Health: 0(79) Energy: 31(31) Def: 8 Gold: 119 Moves: 9141 Dungeon seed: Y_5U1yZvA3Vy0Kbb Game ID: Orko_1571221234 Your Inventory: Armor h - an uncursed rusty +0 helm of brilliance (being worn) n - a blessed +1 dwarvish cloak (being worn) r - a cursed burnt -3 pair of leather gloves (being worn) u - an uncursed +0 dwarvish mithril-coat (being worn) z - a blessed +2 pair of iron shoes (being worn) Weapons a - an uncursed greased +1 two-handed sword named +1 . c - a blessed +5 scimitar named +5 . (weapon in hand) y - 4 uncursed +0 daggers (in quiver) H - an uncursed +0 long sword named . Wands B - an uncursed wand of striking (0:0) J - an uncursed wand of digging (0:3) Comestibles M - an uncursed food ration N - an uncursed banana U - an uncursed partly eaten lizard corpse Tools e - an uncursed oil lamp (0:330) g - an uncursed +0 pick-axe (alternate weapon; not wielded) j - an uncursed lock pick l - an uncursed leash m - an uncursed mirror o - an uncursed sack named X p - an uncursed blindfold v - an uncursed magic whistle E - an uncursed expensive camera (0:35) Gems L - an uncursed flint stone T - an uncursed sapphire Coins $ - 119 gold pieces Contents of the sack named X: an uncursed +0 pair of leather gloves an uncursed wand of opening named iii (0:4) a blessed potion of oil an uncursed apple an uncursed egg an uncursed eucalyptus leaf an uncursed magic whistle an uncursed partly used tallow candle (0:73) an uncursed agate stone 6 uncursed worthless pieces of black glass an uncursed worthless piece of blue glass an uncursed worthless piece of white glass an uncursed worthless piece of white glass named <. 3> an uncursed worthless piece of yellow glass 111 gold pieces Spells and supernatural/magical abilities: Name Level Category Fail Memory a - force bolt 1 attack 100% 70% l - light 1 divination 100% 96% L - levitation 4 escape 100% 72% W - pray for help -- divine ? -- Your skills at the end: Fighting Skills Weapon Skills dagger [Skilled] short sword [Basic] two-handed sword [Basic] scimitar [Skilled] Spellcasting Skills Final Attributes: You were piously aligned. You were poison resistant. You were hallucinating. You were telepathic. You had infravision. You were stealthy. You are dead. Vanquished creatures: a watch captain a giant mimic a giant zombie a small mimic a large cat an energy vortex an ettin zombie a leather golem 4 watchmen a quivering blob 2 leprechauns 2 giant spiders an ice vortex a black light a forest centaur a gnome king a lizard a dwarf lord 2 dust vortices a raven a human zombie a rope golem a bugbear a quasit a wood nymph 3 Uruk-hai a rock piercer a rock mole 2 ponies a fog cloud a shrieker 11 gnome lords 6 gnomish wizards a kobold mummy a red naga hatchling a barrow wight 2 elf zombies 2 ghouls 3 straw golems a paper golem a baby crocodile 9 giant ants 3 little dogs 4 floating eyes 18 dwarves 2 kobold lords a kobold shaman 4 hill orcs 2 rothes 2 rabid rats 2 centipedes a giant bat 4 orc zombies 4 dwarf zombies 2 wererats 4 iguanas 10 killer bees 2 acid blobs a coyote 6 hobbits a giant rat 4 cave spiders a yellow mold a green mold 55 gnomes 6 garter snakes 2 gnome zombies 5 geckos 11 jackals a fox 3 kobolds 2 goblins a sewer rat 4 grid bugs 3 lichens 2 kobold zombies 7 newts and a partridge in a pear tree 259 creatures vanquished. Voluntary challenges: You were an atheist. You used a wielded weapon 347 times, starting on turn 84. You read items or engraved 23 times, starting on turn 1658. You never genocided any monsters. You never polymorphed an object. You never changed form. You used no wishes. You never split a pudding. You never wrote Elbereth's name. You violated your moral code, losing 215 points of alignment, starting on turn 1591. You abstained from Elbereth's help. You werepermanently hallucinating. Dungeon overview: The Dungeons of Doom: levels 1 to 7 Level 1 a long staircase Level 2 a jewelry store Level 3 stairs to The Gnomish Mines Level 4 Level 5 many fountains Level 6 a long staircase Level 7 The Gnomish Mines: levels 4 to 11 Level 4 stairs to The Dungeons of Doom Level 5 Level 6 many shops, a temple to Kos, some fountains Level 7 Level 8 Level 9 Level 10 <- You were here Level 11 History has recorded: On T:1 you entered the Dungeons of Doom to retrieve the Amulet of Yendor! On T:129 you reached level 2 of The Dungeons of Doom. On T:169 you reached level 3 of The Dungeons of Doom. On T:907 you advanced to experience level 2. On T:981 you reached level 1 of The Gnomish Mines. On T:1050 you advanced to experience level 3. On T:1202 you advanced to experience level 4. On T:1553 you advanced to experience level 5. On T:1808 you reached level 2 of The Gnomish Mines. On T:1968 you advanced to experience level 6. On T:2067 you reached level 3 of The Gnomish Mines. On T:2300 you advanced to experience level 7. On T:3867 you reached level 6 of The Dungeons of Doom. On T:3953 you reached level 7 of The Dungeons of Doom. On T:4385 you advanced to experience level 8. On T:5533 you reached level 4 of The Gnomish Mines. On T:7146 you reached level 5 of The Gnomish Mines. On T:7149 you reached level 6 of The Gnomish Mines. On T:8063 you advanced to experience level 9. On T:8732 you reached level 8 of The Gnomish Mines. Score breakdown: Gold: 230 ( 8040 points) Experience: 9 levels (15756 points) Exploration: 11 levels ( 22.45%) (13693 points) Discoveries: 4 items ( 1.39%) ( 3541 points) Valuables value: (no points given unless you survive) Artifact value: 0 ( 0 points) Variety of kills: 77 monsters ( 20.21%) (13486 points) Turncount: 9141 turns (-2245 points) Survival: died (score multiplied by 80%) Total score: 41816 Latest messages: You can't reach the ceiling. g - a pick-axe (weapon in hand). You don't have that object. Never mind. You start digging downward. You dig a pit in the floor. You continue digging downward. You hear a distant squeak. You stop digging. You are now wielding your curved sword named +5 .. g - a pick-axe (alternate weapon; not wielded). You hit it. The green dragon hits! The Ewok hits! You hit it. The black unicorn hits! The spotted jelly hits! You die... Final status: Goodbye Orko the Rogue, killed by a hallucinogen-distorted ettin mummy... You died in The Gnomish Mines on dungeon level 10 with 41816 points, and 230 pieces of gold, after 9141 moves. You were level 9 with a maximum of 79 hit points when you died.